TOP OF THE 1ST |
Sunset District Fog batting - Pitching for Salt Lake City Buzz : LHP Josh Waymouth
|
Pitching: LHP Josh Waymouth
|
|
Batting: RHB Joseph Papasogli
|
0-0: Ball 1-0: Ground out 5-3 (Groundball, 5)
|
Batting: LHB Ed Berry
|
0-0: Ball 1-0: Foul Ball, location: 2F 1-1: Fly out, F3 (Popup, 3S)
|
Batting: SHB Charles Weber
|
0-0: Called Strike 0-1: Ball 1-1: Ground out 6-3 (Groundball, 6MS)
|
Top of the 1st over - 0 runs, 0 hits, 0 errors, 0 left on base; Sunset District 0 - Salt Lake City 0 |
BOTTOM OF THE 1ST |
Salt Lake City Buzz batting - Pitching for Sunset District Fog : RHP C'Bo Flemister
|
Pitching: RHP C'Bo Flemister
|
|
Batting: RHB Germán Espantoso
|
0-0: Fly out, F8 (Flyball, 8LD)
|
Batting: RHB Luo-lang Li
|
0-0: Called Strike 0-1: Ground out 4-3 (Groundball, 4)
|
Batting: RHB Bill Chaundler
|
0-0: Called Strike 0-1: Ball 1-1: Foul Ball, location: 2F 1-2: Ball 2-2: Strikes out swinging
|
Bottom of the 1st over - 0 runs, 0 hits, 0 errors, 0 left on base; Sunset District 0 - Salt Lake City 0 |
TOP OF THE 2ND |
Sunset District Fog batting - Pitching for Salt Lake City Buzz : LHP Josh Waymouth
|
Batting: LHB Tim O'Neal
|
0-0: Called Strike 0-1: Swinging Strike 0-2: Fly out, F7 (Flyball, 8LS)
|
Batting: RHB Tom Woolever
|
0-0: Ball 1-0: Ball 2-0: Reached on error, E5 (Groundball, 5)
|
Batting: LHB Ieyoshi Samurakami
|
0-0: Ball 1-0: Called Strike 1-1: Ball 2-1: Ball 3-1: SINGLE (Flyball, 78M) Tom Woolever to second
|
Batting: RHB Juan Alcocer
|
0-0: Ball 1-0: Swinging Strike 1-1: Ball 2-1: SINGLE (Line Drive, 89S) Tom Woolever to third Ieyoshi Samurakami to second Runner from 3rd tries for Home, SAFE, no throw
|
Batting: LHB Jesús De Jesús
|
0-0: Called Strike 0-1: Swinging Strike 0-2: Ball 1-2: Ball 2-2: Foul Ball, location: 2F 2-2: SINGLE (Flyball, 7LS) Ieyoshi Samurakami to third Juan Alcocer to second Runner from 3rd tries for Home, SAFE, no throw
|
Batting: LHB Jesús Trevino
|
0-0: Ball 1-0: Called Strike Juan Alcocer steals 3rd base 1-1: Swinging Strike 1-2: Ball 2-2: Ground out 4-3 (Groundball, 4S) Juan Alcocer scores Jesús De Jesús to second
|
Batting: RHB Joseph Papasogli
|
0-0: Foul Ball, location: 2F 0-1: Ball 1-1: Ball Wild Pitch! Jesús De Jesús to third 2-1: Ground out 2-3 (Groundball, 15S)
|
Top of the 2nd over - 3 runs, 3 hits, 1 error, 1 left on base; Sunset District 3 - Salt Lake City 0 |
BOTTOM OF THE 2ND |
Salt Lake City Buzz batting - Pitching for Sunset District Fog : RHP C'Bo Flemister
|
Batting: LHB Orlando Casillas
|
0-0: Ground out 4-3 (Groundball, 4M)
|
Batting: RHB Christian Gentry
|
0-0: SINGLE (Groundball, 6) (infield hit)
|
Batting: RHB Vicente Cruz
|
0-0: SINGLE (Line Drive, 8LS) Christian Gentry to second
|
Batting: RHB Fontana Contaldo
|
0-0: Foul Ball, location: 2F 0-1: Fly out, F7 (Flyball, 7D)
|
Batting: RHB Cooper Lowe
|
0-0: Fielders Choice at 2nd, 6-4 (Groundball, 6)
|
Bottom of the 2nd over - 0 runs, 2 hits, 0 errors, 2 left on base; Sunset District 3 - Salt Lake City 0 |
TOP OF THE 3RD |
Sunset District Fog batting - Pitching for Salt Lake City Buzz : LHP Josh Waymouth
|
Batting: LHB Ed Berry
|
0-0: Ball 1-0: Swinging Strike 1-1: Ground out 6-3 (Groundball, 6M)
|
Batting: SHB Charles Weber
|
0-0: Called Strike 0-1: SINGLE (Flyball, 89M)
|
Batting: LHB Tim O'Neal
|
0-0: Ball 1-0: Ball 2-0: Ball 3-0: Base on Balls Charles Weber to second
|
Batting: RHB Tom Woolever
|
0-0: Ball 1-0: Ball 2-0: Ball 3-0: Called Strike 3-1: Base on Balls Charles Weber to third Tim O'Neal to second
|
Batting: LHB Ieyoshi Samurakami
|
0-0: Fly out, F4 (Line Drive, 4)
|
Batting: RHB Juan Alcocer
|
0-0: Ball 1-0: Ball 2-0: Foul Ball, location: 2F 2-1: Foul Ball, location: 2F 2-2: DOUBLE (Line Drive, 7LS) Charles Weber scores Tim O'Neal scores Tom Woolever to third Runner from 3rd tries for Home, SAFE, no throw
|
Batting: LHB Jesús De Jesús
|
0-0: Ball 1-0: Foul Ball, location: 2F 1-1: Ball 2-1: SINGLE (Groundball, 3D) Juan Alcocer to third Runner from 3rd tries for Home, SAFE, no throw
|
Batting: LHB Jesús Trevino
|
0-0: Swinging Strike 0-1: Swinging Strike 0-2: Hit by Pitch Jesús De Jesús to second
|
Batting: RHB Joseph Papasogli
|
0-0: Called Strike 0-1: Fielders Choice at 2nd, 5-4 (Groundball, 5L)
|
Top of the 3rd over - 4 runs, 3 hits, 0 errors, 2 left on base; Sunset District 7 - Salt Lake City 0 |
BOTTOM OF THE 3RD |
Salt Lake City Buzz batting - Pitching for Sunset District Fog : RHP C'Bo Flemister
|
Batting: RHB Olaf Esveld
|
0-0: Swinging Strike 0-1: Foul Ball, location: 2F 0-2: Ball 1-2: Foul Ball, location: 2F 1-2: SINGLE (Groundball, 4D)
|
Batting: RHB Germán Espantoso
|
0-0: Called Strike 0-1: Grounds into double play, 5-4-3 (Groundball, 56)
|
Batting: RHB Luo-lang Li
|
0-0: Ball 1-0: Swinging Strike 1-1: Called Strike 1-2: Fly out, F7 (Flyball, 7)
|
Bottom of the 3rd over - 0 runs, 1 hit, 0 errors, 0 left on base; Sunset District 7 - Salt Lake City 0 |
TOP OF THE 4TH |
Sunset District Fog batting - Pitching for Salt Lake City Buzz : LHP Josh Waymouth
|
Batting: LHB Ed Berry
|
0-0: Called Strike 0-1: Foul Ball, location: 2F 0-2: Foul Ball, location: 2F 0-2: Ball 1-2: Ground out 4-3 (Groundball, 34)
|
Batting: SHB Charles Weber
|
0-0: Ball 1-0: Ball 2-0: Called Strike 2-1: Ground out 6-3 (Groundball, 6)
|
Batting: LHB Tim O'Neal
|
0-0: Called Strike 0-1: Swinging Strike 0-2: Strikes out swinging
|
Top of the 4th over - 0 runs, 0 hits, 0 errors, 0 left on base; Sunset District 7 - Salt Lake City 0 |
BOTTOM OF THE 4TH |
Salt Lake City Buzz batting - Pitching for Sunset District Fog : RHP C'Bo Flemister
|
Batting: RHB Bill Chaundler
|
0-0: Ball 1-0: Ball 2-0: Called Strike 2-1: Called Strike 2-2: Fly out, F9 (Flyball, 89M)
|
Batting: LHB Orlando Casillas
|
0-0: Called Strike 0-1: Swinging Strike 0-2: Ground out 5-3 (Groundball, 5)
|
Batting: RHB Christian Gentry
|
0-0: Foul Ball, location: 2F 0-1: Ball 1-1: Swinging Strike 1-2: Foul Ball, location: 2F 1-2: Foul Ball, location: 2F 1-2: Fly out, F7 (Flyball, 7)
|
Bottom of the 4th over - 0 runs, 0 hits, 0 errors, 0 left on base; Sunset District 7 - Salt Lake City 0 |
TOP OF THE 5TH |
Sunset District Fog batting - Pitching for Salt Lake City Buzz : LHP Josh Waymouth
|
Batting: RHB Tom Woolever
|
0-0: Ball 1-0: Called Strike 1-1: Ball 2-1: Ball 3-1: Foul Ball, location: 2F 3-2: Strikes out swinging
|
Pitching: RHP Aliaume Thiame
|
|
Batting: LHB Ieyoshi Samurakami
|
0-0: Fly out, F8 (Flyball, 8LS)
|
Batting: RHB Juan Alcocer
|
0-0: Called Strike 0-1: Ball 1-1: SINGLE (Line Drive, 89S)
|
Batting: LHB Jesús De Jesús
|
0-0: Fly out, F7 (Flyball, 7LM)
|
Top of the 5th over - 0 runs, 1 hit, 0 errors, 1 left on base; Sunset District 7 - Salt Lake City 0 |
BOTTOM OF THE 5TH |
Salt Lake City Buzz batting - Pitching for Sunset District Fog : RHP C'Bo Flemister
|
Batting: RHB Vicente Cruz
|
0-0: Fly out, F9 (Flyball, 9)
|
Batting: RHB Fontana Contaldo
|
0-0: Ball 1-0: Called Strike 1-1: Ground out U3 (Groundball, 34S)
|
Batting: RHB Cooper Lowe
|
0-0: Called Strike 0-1: Fly out, F7 (Flyball, 7LS)
|
Bottom of the 5th over - 0 runs, 0 hits, 0 errors, 0 left on base; Sunset District 7 - Salt Lake City 0 |
TOP OF THE 6TH |
Sunset District Fog batting - Pitching for Salt Lake City Buzz : RHP Aliaume Thiame
|
Batting: LHB Jesús Trevino
|
0-0: Ball 1-0: Foul Ball, location: 2F 1-1: Fly out, F9 (Line Drive, 89D)
|
Batting: RHB Joseph Papasogli
|
0-0: Ball 1-0: Called Strike 1-1: Foul Ball, location: 2F 1-2: Ball 2-2: Ground out 6-3 (Groundball, 6)
|
Batting: LHB Ed Berry
|
0-0: Called Strike 0-1: Ball 1-1: SINGLE (Flyball, 9LS)
|
Batting: SHB Charles Weber
|
0-0: Called Strike 0-1: Foul Ball, location: 2F 0-2: Ball 1-2: Foul Ball, location: 2F 1-2: Ball 2-2: Ball 3-2: SINGLE (Groundball, 34D) Ed Berry to second Ed Berry to third
|
Batting: LHB Tim O'Neal
|
0-0: Called Strike 0-1: Ball 1-1: Swinging Strike 1-2: Ball 2-2: Ball 3-2: Foul Ball, location: 2F 3-2: Foul Ball, location: 2F 3-2: Base on Balls Charles Weber to second
|
Batting: RHB Tom Woolever
|
0-0: Foul Ball, location: 2F 0-1: Foul Ball, location: 2F 0-2: Ball 1-2: Ball 2-2: Foul Ball, location: 2F 2-2: Ball 3-2: Base on Balls Ed Berry scores Charles Weber to third Tim O'Neal to second
|
Batting: LHB Ieyoshi Samurakami
|
0-0: Ground out 6-3 (Groundball, 6S)
|
Top of the 6th over - 1 run, 2 hits, 0 errors, 3 left on base; Sunset District 8 - Salt Lake City 0 |
BOTTOM OF THE 6TH |
Salt Lake City Buzz batting - Pitching for Sunset District Fog : RHP C'Bo Flemister
|
Batting: RHB Olaf Esveld
|
0-0: Foul Ball, location: 2F 0-1: Swinging Strike 0-2: Foul Ball, location: 2F 0-2: Ball 1-2: Fly out, F7 (Flyball, 7LMF)
|
Batting: RHB Germán Espantoso
|
0-0: Ball 1-0: Called Strike 1-1: Called Strike 1-2: Strikes out looking
|
Batting: RHB Luo-lang Li
|
0-0: Called Strike 0-1: Foul Ball, location: 2F 0-2: Ground out 6-3 (Groundball, 6)
|
Bottom of the 6th over - 0 runs, 0 hits, 0 errors, 0 left on base; Sunset District 8 - Salt Lake City 0 |
TOP OF THE 7TH |
Sunset District Fog batting - Pitching for Salt Lake City Buzz : RHP Aliaume Thiame
|
Batting: RHB Juan Alcocer
|
0-0: Ball 1-0: SINGLE (Groundball, 6D)
|
Batting: LHB Jesús De Jesús
|
0-0: Foul Ball, location: 2F 0-1: Ball 1-1: Ball Juan Alcocer is caught stealing 2nd base 2-1: Called Strike 2-2: Ball 3-2: Foul Ball, location: 2F 3-2: SINGLE (Line Drive, 4D)
|
Batting: LHB Jesús Trevino
|
0-0: Ball 1-0: Foul Ball, location: 2F 1-1: Called Strike 1-2: 2-RUN HOME RUN (Flyball, 9LD), Distance : 353 ft
|
Batting: RHB Joseph Papasogli
|
0-0: Ground out 6-3 (Groundball, 6M)
|
Batting: LHB Ed Berry
|
0-0: Called Strike 0-1: Ball 1-1: Called Strike 1-2: Ball 2-2: Fly out, F8 (Flyball, 8RD)
|
Top of the 7th over - 2 runs, 3 hits, 0 errors, 0 left on base; Sunset District 10 - Salt Lake City 0 |
BOTTOM OF THE 7TH |
Salt Lake City Buzz batting - Pitching for Sunset District Fog : RHP C'Bo Flemister
|
Batting: RHB Bill Chaundler
|
0-0: Called Strike 0-1: Reached on error, E5 (Groundball, 56)
|
Batting: LHB Orlando Casillas
|
0-0: Swinging Strike 0-1: Ball 1-1: Fielders Choice at 2nd, 4-6 (Groundball, 4)
|
Batting: RHB Christian Gentry
|
0-0: Ball 1-0: Grounds into double play, 4-6-3 (Groundball, 4)
|
Bottom of the 7th over - 0 runs, 0 hits, 1 error, 0 left on base; Sunset District 10 - Salt Lake City 0 |
TOP OF THE 8TH |
Sunset District Fog batting - Pitching for Salt Lake City Buzz : RHP Aliaume Thiame
|
Batting: SHB Charles Weber
|
0-0: Ball 1-0: Ball 2-0: Ball 3-0: Called Strike 3-1: Swinging Strike 3-2: Base on Balls
|
Pinch Hitting: RHB Gérard Chesnutt
|
0-0: Ball 1-0: Ball 2-0: Ball 3-0: Base on Balls Charles Weber to second
|
Batting: RHB Tom Woolever
|
0-0: Ball 1-0: Swinging Strike 1-1: DOUBLE (Line Drive, 7LM) Charles Weber scores Gérard Chesnutt to third
|
Batting: LHB Ieyoshi Samurakami
|
0-0: Called Strike 0-1: Ball 1-1: Foul Ball, location: 2F 1-2: Ball 2-2: Foul Ball, location: 2F 2-2: SINGLE (Line Drive, 78S) Gérard Chesnutt scores Tom Woolever to third Runner from 3rd tries for Home, SAFE, throw made home
|
Batting: RHB Juan Alcocer
|
0-0: Grounds into double play, 4-6-3 (Groundball, 4)
|
Batting: LHB Jesús De Jesús
|
0-0: Called Strike 0-1: Ball 1-1: Swinging Strike 1-2: Foul Ball, location: 2F 1-2: Foul Ball, location: 2F 1-2: Ball 2-2: SINGLE (Flyball, 8LS)
|
Batting: LHB Jesús Trevino
|
0-0: Ground out 4-3 (Groundball, 4)
|
Top of the 8th over - 3 runs, 3 hits, 0 errors, 1 left on base; Sunset District 13 - Salt Lake City 0 |
BOTTOM OF THE 8TH |
Salt Lake City Buzz batting - Pitching for Sunset District Fog : RHP C'Bo Flemister
|
Now at SS: Gérard Chesnutt
|
|
Batting: RHB Vicente Cruz
|
0-0: Foul Ball, location: 2F 0-1: Ball 1-1: Foul Ball, location: 2F 1-2: Strikes out looking
|
Batting: RHB Fontana Contaldo
|
0-0: Swinging Strike 0-1: Swinging Strike 0-2: Ball 1-2: Foul Ball, location: 2F 1-2: Ball 2-2: DOUBLE (Line Drive, 78D)
|
Batting: RHB Cooper Lowe
|
0-0: DOUBLE (Flyball, 78XD) Fontana Contaldo scores
|
Batting: RHB Olaf Esveld
|
0-0: Ball 1-0: Ball 2-0: Called Strike 2-1: Foul Ball, location: 2F 2-2: SINGLE (Flyball, 89M) Cooper Lowe to third
|
Batting: RHB Germán Espantoso
|
0-0: Fielders Choice at 2nd, 6-4 (Groundball, 6) Cooper Lowe scores
|
Batting: RHB Luo-lang Li
|
0-0: Called Strike 0-1: SINGLE (Groundball, 56D) Germán Espantoso to second
|
Batting: RHB Bill Chaundler
|
0-0: Fly out, F8 (Flyball, 8RS)
|
Bottom of the 8th over - 2 runs, 4 hits, 0 errors, 2 left on base; Sunset District 13 - Salt Lake City 2 |
TOP OF THE 9TH |
Sunset District Fog batting - Pitching for Salt Lake City Buzz : RHP Aliaume Thiame
|
Batting: RHB Joseph Papasogli
|
0-0: Foul Ball, location: 2F 0-1: Ground out 6-3 (Groundball, 56)
|
Batting: LHB Ed Berry
|
0-0: Fly out, F9 (Flyball, 9LSF)
|
Batting: SHB Charles Weber
|
0-0: Swinging Strike 0-1: Fly out, F7 (Flyball, 78S)
|
Top of the 9th over - 0 runs, 0 hits, 0 errors, 0 left on base; Sunset District 13 - Salt Lake City 2 |
BOTTOM OF THE 9TH |
Salt Lake City Buzz batting - Pitching for Sunset District Fog : RHP C'Bo Flemister
|
Now in CF: Frank Brinton
|
|
Batting: LHB Orlando Casillas
|
0-0: Ground out 4-3 (Groundball, 4)
|
Batting: RHB Christian Gentry
|
0-0: Foul Ball, location: 2F 0-1: Ball 1-1: Foul Ball, location: 2F 1-2: Foul Ball, location: 2F 1-2: Ball 2-2: Foul Ball, location: 2F 2-2: Foul Ball, location: 2F 2-2: Foul Ball, location: 2F 2-2: SINGLE (Groundball, 6MD)
|
Pitching: RHP Akinori Yamauchi
|
|
Batting: RHB Vicente Cruz
|
0-0: Fielders Choice at 2nd, 4-6 (Groundball, 4)
|
Batting: RHB Fontana Contaldo
|
0-0: Fly out, F9 (Flyball, 9S)
|
Bottom of the 9th over - 0 runs, 1 hit, 0 errors, 1 left on base; Sunset District 13 - Salt Lake City 2 |
|